Cogmind - Beta 17.1 @@@ ROGUE MODE // 2026.09.06 @ 20:43:05 Player: RBird Result: Self-destructed Performance ------------- Evolutions (1) 500 Regions Visited (3) 600 Robots Destroyed (16) 80 Value Destroyed (479) 479 Prototype IDs (0) 0 Alien Tech Used (0) 0 Bonus (0) 0 TOTAL SCORE: 1659 Bonus ------- None Cogmind --------- Core Integrity 196/400 Matter 300/300 Energy 100/100 System Corruption 1% Temperature Cool (0) Movement Core (100) Ox1 Location -9/Materials Parts ------- > --- POWER (1) -------- (None) > --- PROPULSION (4) --- (None) > --- UTILITY (2) ------ Small Storage Unit > --- WEAPON (2) ------- (None) > --- INVENTORY (8) ---- Light Ion Engine Medium Matter Pod (100) Structural Scanner Sensor Array Terrain Scanner Rocket Launcher Peak State ------------ > --- POWER ------------ Ion Engine > --- PROPULSION ------- Aluminum Leg Aluminum Leg Aluminum Leg Aluminum Leg > --- UTILITY ---------- Small Storage Unit Structural Scanner > --- WEAPON ----------- Light Cannon Light Cannon > --- INVENTORY -------- Light Ion Engine Medium Matter Pod Structural Scanner Sensor Array Terrain Scanner Rocket Launcher [Rating: 9] Favorites ----------- Power Light Ion Engine Engine Light Ion Engine Propulsion Aluminum Leg Leg Aluminum Leg Utility Structural Scanner Device Structural Scanner Storage Small Storage Unit Processor Targeting Computer Weapon Light Cannon Energy Gun Medium Laser Ballistic Gun Assault Rifle Ballistic Cannon Light Cannon Build | -11 -10 -10 -9 ------- Run | Yrd Mat Min Mat Slots Evolved 2 | . . . 2 Power . | . . . . Propulsion 2 | . . . 2 Utility . | . . . . Weapon . | . . . . Parts Attached 17 | 6 4 5 2 Power 3 | 1 . 2 . Engine 3 | 1 . 2 . Core . | . . . . Reactor . | . . . . Propulsion 5 | 2 1 . 2 Treads . | . . . . Leg 5 | 2 1 . 2 Wheel . | . . . . Hover . | . . . . Flight . | . . . . Utility 4 | . 3 1 . Device 1 | . 1 . . Storage 1 | . . 1 . Processor 2 | . 2 . . Hackware . | . . . . Protection . | . . . . Artifact . | . . . . Weapon 5 | 3 . 2 . Energy Gun 1 | 1 . . . Energy Cannon . | . . . . Ballistic Gun 2 | 2 . . . Ballistic Cannon 2 | . . 2 . Launcher . | . . . . Special Weapon . | . . . . Impact Weapon . | . . . . Slashing Weapon . | . . . . Piercing Weapon . | . . . . Special Melee Weapon . | . . . . Unidentified Prototypes . | . . . . Parts Lost 14 | . 1 5 8 Power 3 | . . 2 1 Propulsion 5 | . . 1 4 Utility 2 | . 1 . 1 Weapon 4 | . . 2 2 Highest Loss Streak 8 | . 1 4 8 To Critical Strikes . | . . . . Average Backups 4 | 2 4 4 6 Power . | . . . 1 Propulsion 1 | 1 2 1 . Utility 1 | . . 1 4 Weapon 1 | . 1 . 1 Tool/Special . | . . . . Unused Backups 8 | . 2 . 6 Power 1 | . . . 1 Propulsion 2 | . 2 . . Utility 4 | . . . 4 Weapon 1 | . . . 1 Tool/Special . | . . . . Average Slot Usage (%) 91 | . 94 95 74 Engine 11 | . 14 10 11 Leg 27 | . 28 27 26 Device 12 | . 11 14 11 Storage 6 | . . 9 11 Processor 5 | . 11 4 . Ballistic Gun 10 | . 28 3 . Ballistic Cannon 15 | . . 23 14 Peak Build Rating 9 | 5 7 7 9 Average Rating 6 | 3 6 6 6 On Entrance 4 | . 5 7 7 Avg Prop Armor Cover (%) . | . . . . Naked Turns . | . . . . Heaviest Build 17 | 7 8 17 17 Greatest Support 40 | 20 20 20 40 Greatest Overweight (x) 3 | . . . 3 Average Overweight (x) . | . . . . Largest Inventory Capacity 8 | 5 5 8 8 Average Capacity 6 | 5 5 7 8 Most Carried 8 | 5 5 8 8 Average Carried 4 | 2 4 4 6 Final Capacity 8 | 5 5 8 8 Final Carried 8 | 5 4 8 6 Class Distribution -------------------- 91% | Mutant 8% | Scavenger-Mutant Dominant Class ---------------- Mutant | -10/Materials Mutant | -10/Mines Scavenger-Mutant | -9/Materials Resources | -11 -10 -10 -9 ----------- Run | Yrd Mat Min Mat Matter Collected 804 | 296 89 325 94 Remotely . | . . . . Salvage Created 484 | 44 109 225 106 Parts 29 | 2 2 16 9 Haulers Intercepted . | . . . . Recyclers Shooed . | . . . . Parts Field Recycled . | . . . . Retrieved Matter . | . . . . Parts Self-Destructed . | . . . . Prevented . | . . . . Parts Restored . | . . . . Kills | -11 -10 -10 -9 ------- Run | Yrd Mat Min Mat Combat Hostiles Destroyed 13 | 1 2 6 4 Melee 2 | . . . 2 Guns 3 | 1 2 . . Cannons 8 | . . 6 2 Classes Destroyed 6 | 1 . 4 1 Worker 1 | . . 1 . Builder 1 | . . 1 . Recycler 1 | . . 1 . Swarmer 2 | . . 2 . Grunt 10 | 1 2 4 3 Sentry 1 | . . . 1 Best Kill Streak 2 | 1 2 2 2 Combat Bots Only 2 | 1 2 2 2 Max Kills in Single Turn 1 | 1 1 1 1 Gunslinging . | . . . . Exploded . | . . . . Melee 1 | . . . 1 Uniques/NPCs Destroyed . | . . . . Combat | -11 -10 -10 -9 -------- Run | Yrd Mat Min Mat Hostile Shots Fired 146 | 9 19 58 60 Missed 33 | 3 2 21 7 Hits 113 | 6 17 37 53 Projectile 113 | 6 17 37 53 Critical Strikes 4 | . . 3 1 Damage Taken 1505 | 70 229 511 695 Core 372 | 24 30 114 204 Absorbed by Shields . | . . . . Core Remaining (%) 61 | 90 . 32 . Volleys Fired 57 | 6 9 30 12 Largest 2 | 2 2 2 2 Hottest 60 | 40 40 60 60 Shots Fired 109 | 12 18 58 21 Gun 38 | 12 18 8 . Cannon 71 | . . 50 21 Launcher . | . . . . Special . | . . . . Kinetic 109 | 12 18 58 21 Thermal . | . . . . Explosive . | . . . . Electromagnetic . | . . . . Robot Hit Streak 10 | 10 3 8 4 Robot Miss Streak 5 | 2 1 5 3 Penetration Max . | . . . . Secondary Targets . | . . . . Shots Hit Robots 65 | 10 12 31 12 Core Hits 34 | 2 4 11 17 Critical Kills . | . . . . Critical Parts Destroyed . | . . . . Critical Strikes . | . . . . Melee Attacks . | . . . . Impact . | . . . . Slashing . | . . . . Piercing . | . . . . Sneak Attacks . | . . . . Combat Hostiles . | . . . . Follow-up Attacks . | . . . . Damage Inflicted 1064 | 129 156 525 254 Guns 355 | 129 156 70 . Cannons 659 | . . 455 204 Explosions . | . . . . Melee . | . . . . Ramming 50 | . . . 50 Kinetic 1014 | 129 156 525 204 Thermal . | . . . . Explosive . | . . . . Electromagnetic . | . . . . Impact . | . . . . Slashing . | . . . . Piercing . | . . . . Highest Corruption 1 | . . . 1 Average Corruption 1 | . . . 1 Corruption Purged . | . . . . Corruption Blocked . | . . . . Overload Shots . | . . . . Overflow Damage . | . . . . Projectiles . | . . . . Explosions . | . . . . Melee . | . . . . Knockbacks 6 | . . 3 3 Impact . | . . . . Kinetic 6 | . . 3 3 Secondary . | . . . . Self-Inflicted Damage 4 | . . . 4 Shots . | . . . . Rammed 9 | . . . 9 Targets Rammed 28 | . . . 28 Kicked 19 | . . . 19 Crushed . | . . . . Highest Temperature 93 | . 4 93 75 Average Temperature 29 | . 2 36 29 Received Heat Transfer 897 | 36 126 339 396 Siege Activations . | . . . . Martial Activations . | . . . . Shielding Activations . | . . . . Robots Disrupted . | . . . . Combat Hostiles . | . . . . Robots Corrupted . | . . . . Combat Hostiles . | . . . . Parts Fried . | . . . . Impact Corruptions . | . . . . Robots Melted . | . . . . Combat Hostiles . | . . . . Parts Melted . | . . . . Heat Transferred . | . . . . Parts Sabotaged . | . . . . Parts Stolen . | . . . . Parts Stripped . | . . . . Power Chain Reactions . | . . . . Alert | -11 -10 -10 -9 ------- Run | Yrd Mat Min Mat Maximum Alert Level . | . . . . Low Security (%) 100 | 100 100 100 100 Level 1 . | . . . . Level 2 . | . . . . Level 3 . | . . . . Level 4 . | . . . . Level 5 . | . . . . High Security . | . . . . Max Security . | . . . . Peak Influence 76 | 20 40 76 40 Initial 26 | . 13 4 26 Average 13 | 2 8 18 12 Influence Increases 382 | 20 52 210 100 Destroy 0b10 Robot/C 260 | 20 40 120 80 Destroy 0b10 Robot/NC 15 | . . 15 . Destroy Leader 60 | . 10 30 20 Successful Hack 2 | . 2 . . Disable Machine 15 | . . 15 . Lose Combat Pursuer 30 | . . 30 . Influence Decreases 362 | . 60 154 148 Entered New Map 57 | . 7 8 42 Time Decay 245 | . 53 136 56 Lost Part 60 | . . 10 50 Squads Dispatched 1 | . . 1 . Investigation 1 | . . 1 . Extermination . | . . . . Reinforcement . | . . . . Assault . | . . . . Garrison . | . . . . Intercept . | . . . . Searches Triggered . | . . . . Construction Impeded . | . . . . Haulers Reinforced . | . . . . Active Scanning Responses . | . . . . Cargo Convoy Interrupts . | . . . . Stealth | -11 -10 -10 -9 --------- Run | Yrd Mat Min Mat Distress Signals . | . . . . Communications Jammed . | . . . . Distress Signals . | . . . . Times Spotted 17 | 1 2 8 6 Peak Tracking Total 4 | 1 2 3 4 Tactical Retreats 2 | . . 2 . Traps | -11 -10 -10 -9 ------- Run | Yrd Mat Min Mat Traps Triggered . | . . . . Indirectly . | . . . . Trap Hack Attempts . | . . . . Triggered . | . . . . Disarmed . | . . . . Reprogrammed . | . . . . Reused . | . . . . Traps Extracted . | . . . . Installed . | . . . . Triggered . | . . . . Machines | -11 -10 -10 -9 ---------- Run | Yrd Mat Min Mat Machines Disabled 1 | . . 1 . Max in Single Turn 1 | . . 1 . Machines Repaired . | . . . . Machines Dismantled . | . . . . Machines Sabotaged . | . . . . Overloaded Fab Kills . | . . . . Hacking | -11 -10 -10 -9 --------- Run | Yrd Mat Min Mat Machines Accessed 3 | . 2 1 . Terminals 1 | . 1 . . Fabricators . | . . . . Repair Stations . | . . . . Recycling Units 1 | . 1 . . Scanalyzers . | . . . . Garrison Access . | . . . . Total Hacks 4 | . 3 1 . Successful 3 | . 2 1 . Failed 1 | . 1 . . Catastrophic . | . . . . Database Lockouts . | . . . . Manual . | . . . . Terminals 1 | . 1 . . Fabricators . | . . . . Repair Stations . | . . . . Recycling Units 2 | . 2 . . Scanalyzers . | . . . . Garrison Access . | . . . . Terminal Hacks 2 | . 1 1 . Record 1 | . 1 . . Open Door 1 | . . 1 . Fabricator Hacks . | . . . . Repair Station Hacks . | . . . . Recycling Unit Hacks 1 | . 1 . . Report Inventory 1 | . 1 . . Scanalyzer . | . . . . Garrison Access Hacks . | . . . . Unauthorized Hacks . | . . . . Terminals . | . . . . Fabricators . | . . . . Repair Stations . | . . . . Recycling Units . | . . . . Scanalyzers . | . . . . Garrison Access . | . . . . Data Cores Recovered . | . . . . Used . | . . . . Hacking Detections 1 | . 1 . . Full Trace Events . | . . . . Feedback Events . | . . . . Feedback Blocked . | . . . . Robot Schematics Acquired . | . . . . Robots Built . | . . . . Authchips . | . . . . Time . | . . . . Total Robot Build Rating . | . . . . Part Schematics Acquired . | . . . . Parts Built . | . . . . Authchips . | . . . . Time . | . . . . Total Part Build Rating . | . . . . Part Studies Acquired . | . . . . Parts Repaired . | . . . . Time . | . . . . Parts Recycled . | . . . . Recycled Matter . | . . . . Retrieved Matter . | . . . . Retrieved Components . | . . . . Parts Scanalyzed . | . . . . Part Schematics Acquired . | . . . . Parts Damaged . | . . . . Bothacking | -11 -10 -10 -9 ------------ Run | Yrd Mat Min Mat Used RIF Installer . | . . . . Robots Hacked . | . . . . Non-combat . | . . . . Combat . | . . . . Robot Hacks Applied . | . . . . Relay Couplers Released . | . . . . Fabnet Peak Effective % . | . . . . Robots Rewired . | . . . . Allies Hacked . | . . . . Hacks Repelled . | . . . . Allies | -11 -10 -10 -9 -------- Run | Yrd Mat Min Mat Total Allies . | . . . . Largest Group . | . . . . Highest-Rated Group . | . . . . Highest-Rated Ally . | . . . . Total Orders . | . . . . Ally Attacks . | . . . . Total Damage . | . . . . Kills . | . . . . Allies Corrupted . | . . . . Allies Melted . | . . . . Intel | -11 -10 -10 -9 ------- Run | Yrd Mat Min Mat Active Infowar (turns) 833 | . 221 469 143 Structural 833 | . 221 469 143 Robot Analysis Total . | . . . . Derelict Logs Recovered 1 | . . 1 . Drone Launches . | . . . . Drone Recoveries . | . . . . Exploration | -11 -10 -10 -9 ------------- Run | Yrd Mat Min Mat Turns Passed 982 | 116 245 469 152 Spaces Moved 556 | 75 161 285 35 Core 15 | 14 . . 1 Treads . | . . . . Legs 541 | 61 161 285 34 Wheels . | . . . . Hover . | . . . . Flight . | . . . . Fastest Speed 50 | 50 120 120 120 Average Speed 118 | 106 120 120 122 Slowest Speed 200 | 120 120 120 200 Overloaded Moves . | . . . . Propulsion Burnouts . | . . . . Robots Hopped . | . . . . Potential Cave-ins . | . . . . Cave-ins Triggered . | . . . . Exploration Rate (%) 18 | 5 16 47 7 Regions Visited 3 Branch Regions 1 Pre-discovered Areas . | . . . . Known Exits Taken . | . . . . Unknown Exits Taken 3 | 1 1 1 . Scrap Searched 1 | . . 1 . Spaces Dug . | . . . . Terrain Destroyed . | . . . . Melee . | . . . . Projectile . | . . . . AOE . | . . . . Terrain Rammed . | . . . . Walls Destroyed . | . . . . Machines Disabled . | . . . . Actions | -11 -10 -10 -9 --------- Run | Yrd Mat Min Mat Total 755 | 98 196 353 108 Wait 71 | 2 15 23 31 Move 553 | 74 160 284 35 Hop . | . . . . Pick Up 25 | 10 5 10 . Fast Attach . | . . . . Attach 15 | 5 3 5 2 Detach . | . . . . Swap 3 | 1 1 1 . Drop 3 | . 3 . . Fire 57 | 6 9 30 12 Melee . | . . . . Ram 9 | . . . 9 Kick 19 | . . . 19 Crush . | . . . . Escape Stasis . | . . . . Rewire . | . . . . Trap . | . . . . Miscellaneous . | . . . . Route ------- -11/Scrapyard -10/Materials -10/Mines -9/Materials (discovered 1 exit: [*Sto]) History --------- Turn | Location | Event 2 | -11/Scrapyard | Met Revision 17 70 | -11/Scrapyard | Discovered new exit (range 8) 117 | -11/Scrapyard | Entered Materials 326 | -10/Materials | Build established: Mutant 338 | -10/Materials | Discovered new exit (range 7) 362 | -10/Materials | Entered Mines 452 | -10/Mines | Lost 4 parts (1p1n2w) 551 | -10/Mines | Received a Rocket Launcher from a helpful Derelict 665 | -10/Mines | Core integrity fell below 50% 784 | -10/Mines | Met a Derelict shopkeep closing up shop 819 | -10/Mines | Discovered new exit (range 10) 831 | -10/Mines | Entered Materials 831 | -9/Materials | Evolved 2 slots: Propulsion x2 890 | -9/Materials | Discovered new exit (range 5) 983 | -9/Materials | Core integrity fell below 50% 983 | -9/Materials | Self-destructed Last Messages --------------- Slammed into G-34 Mercenary. Structural Scanner broken. Destabilizing: Short circuit. K-01 Serf collects debris. Slammed into G-34 Mercenary. Destabilizing: Core damaged (-8). Overweight warning: You are carrying more than your current propulsion can efficiently support, which slows movement; see status page ('s') or the top of the parts list for the specific mass vs. support values. K-01 Serf collects debris. Ion Engine destroyed. Slammed into G-34 Mercenary. Broken Structural Scanner destroyed. Slammed into G-34 Mercenary. G-34 Mercenary destroyed. [Achievement: Fist Fight] Destabilizing: Core damaged (-12). K-01 Serf collects debris. Map ----- +----------------------------------------------------+ | ????? # ##??????????????????????????? | | ????? # ##??????????????????????????? | | ????? # ##??????????????????????????? | | ????? # ##+####### ##??????????????????????????? | | ????? # # ### ? ??????????????????????????? | | ????? # # ##? ????????????????????????????? | | ?????## # ### ???????????????????????????? | | ?????## # ### ???????????????????????????? | | ?????## # ### ???????????????????????????? | | ??????? # ### ??????????????????????????? | | ??????? #####+#### ##??????????????????????????? | | ??????? ##### #### ##??????????????????????????? | | ???????????## #### ##??????????????????????????? | | ????????##### #### ##??????????????????????????? | | ????????#####+#### ##??????????????????????????? | | ????????## # ##??????????????????????????? | | ????????##""" # ##??????????????????????????? | | ???????? #""" # ##??????????????????????????? | | ???????? #""" # ##??????????????????????????? | | ???????? #""" # ##??????????????????????????? | | ???????? #""" +%%%##??????????????????????????? | | ???????? # #%[!## ??????????????????? | | ???????? # #%*%##########??????????????????? | | ???????? # #%=%%%mk% #####r #?????????? | | ???????? # #######%= % % #?????????? | | ???????? # #######[@< k +?????????? | | ???????? ##########????# = % #?????????? | | ???????? ##########????# ##### #?????????? | | ???????????????????????###+########? #??????????? | | ????????????????????????? ???????#??????????? | | ?????????????????????????????????????????????????? | | ?????????????????????????????????????????????????? | | ?????????????????????????????????????????????????? | | ?????????????????????????????????????????????????? | | ?????????????????????????????????????????????????? | | ?????????????????????????????????????????????????? | | ?????????????????????????????????????????????????? | | ?????????????????????????????????????????????????? | | ?????????????????????????????????????????????????? | | ?????????????????????????????????????????????????? | | ?????????????????????????????????????????????????? | | ?????????????????????????????????????????????????? | | ?????????????????????????????????????????????????? | | ?????????????????????????????????????????????????? | | ?????????????????????????????????????????????????? | | ?????????????????????????????????????????????????? | | ?????????????????????????????????????????????????? | | ?????????????????????????????????????????????????? | | ?????????????????????????????????????????????????? | | ?????????????????????????????????????????????????? | +----------------------------------------------------+ Best States ------------- Heat Dissipation 28 Energy Generation 10 Energy Capacity 250 Matter Stores 300 Matter Capacity 300 Sight Range 16 Terrain Scan Density 10 Evasion (%) 55 Targeting Accuracy 5 Item Schematics ----------------- None Robot Schematics ------------------ None Fabricated ------------ Nothing Repaired ---------- Nothing Studied --------- None Alien Tech Used ----------------- None Achievements -------------- Crack Shot Fist Fight For Emergencies Only I Have A Map? Organ Harvest Storm Trooper There's More Where That Came From Challenges ------------ None Game ------ Seed UtilityCarbideDoublenader Manual? 0 Play Time 01:09:46 Cumulative 1.1 hours Start 2026.09.06 @ 19:12:44 End 2026.09.06 @ 20:43:05 Sessions 1 Manual Loads 0 Difficulty Rogue Special Mode None Game No. 1 Rogue 1 Adventurer 0 Explorer 0 Win Type - Total 0 Types 0/0/0/0/0/0/0/0/0/0 Lore% 0 Gallery% 0 Achievement% 1 Wizard Run 0 Options --------- Layout 1 ASCII 0 Keyboard 0 Movement Vi Keybinds 0 Fullscreen 1 Font 48/Tamsyn++ Map View 50x35 Zoom Use 0% Tactical HUD 0 Map Filters NONE Filters NONE Steam 1 RUN: ccea52da-a648-4117-abec-2c118f674b27